Sabres vs Coyotes
(R1)
Created - 9 janvier 2013 at 23:17
Goals
|
| Sabres |
1 |
3 |
2 |
6 |
| Coyotes |
0 |
0 |
2 |
2 |
|
Shots
|
| Sabres |
9 |
10 |
18 |
37 |
| Coyotes |
9 |
7 |
15 |
31 |
|
1st period
1. Sabres , Brendan Morrison 9 (Daniel Alfredsson) at 7:23
Penalties :
Martin Sonnenberg (Buf) for Hooking (Minor) at 10:33
2nd period
2. Sabres , Andreas Johansson 5 (Brendan Morrison) at 4:49 (PP)
3. Sabres , Daniel Alfredsson 5 (Dave Tanabe, Markus Naslund) at 12:27 (PP)
4. Sabres , Ladislav Nagy 3 (Niklas Sundstrom) at 17:59
Penalties :
Maxim Lapierre (Pho) for Tripping (Minor) at 3:22, Andreas Johansson (Buf) for Hooking (Minor) at 7:23, Daniel Cleary (Buf) for Holding (Minor) at 9:30, Maxim Lapierre (Pho) for Roughing (Minor) at 12:18, Daniel Cleary (Buf) for Slashing (Minor) at 15:28
3rd period
5. Sabres , Markus Naslund 15 (Daniel Cleary, Mats Sundin) at 1:38
6. Coyotes , Drew Miller 5 (Lukas Krajicek, Chad Larose) at 9:50
7. Sabres , Christian Laflamme 1 (Boyd Devereaux, Brendan Morrison) at 10:33 (SH)
8. Coyotes , Jamal Mayers 7 (Maxim Lapierre) at 15:42
Penalties :
Markus Naslund (Buf) for Hooking (Minor) at 2:08, Dave Tanabe (Buf) for Cross-checking (Minor) at 7:15, Daniel Alfredsson (Buf) for Holding (Minor) at 10:19, Michal Rozsival (Buf) for Goalie Interference (Minor) at 11:12
Goalie Stats
Niklas Backstrom (Buf), 29 saves from 31 shots - (0,935), W, 9-13-1, 60:00 minutes
Jean-Sébastien Giguère (Pho), 12 saves from 16 shots - (0,750), L, 11-12-1, 37:59 minutes
Peter Budaj (Pho), 19 saves from 21 shots - (0,905), 22:01 minutes
Players Stats for Sabres
Player Name G A P +/- PIM S H SB GA TA FO MP PP MP PK MP
------------------------------------------------------------------------------------
Andreas Johansson 1 0 1 0 2 2 0 0 0 0 1/1 14:11 0:37 1:33
Boyd Devereaux 0 1 1 1 0 1 0 0 0 0 8/10 13:53 0:00 3:43
Brendan Morrison 1 2 3 1 0 3 1 2 0 0 18/31 21:18 0:37 8:06
Christian Laflamme 1 0 1 0 0 2 0 3 0 0 0/0 21:17 0:00 8:43
Daniel Alfredsson 1 1 2 0 2 4 1 1 0 2 0/0 20:31 0:59 6:50
Daniel Cleary 0 1 1 1 4 0 2 0 2 0 0/0 10:30 0:00 0:00
Dave Tanabe 0 1 1 0 2 2 1 0 0 1 0/0 20:29 1:19 4:57
Jochen Hecht 0 0 0 0 0 0 0 0 0 0 0/2 8:20 0:00 0:00
Ladislav Nagy 1 0 1 0 0 3 0 0 0 0 0/1 10:29 0:00 0:29
Markus Naslund 1 1 2 1 2 3 3 0 1 1 0/2 16:52 0:59 3:28
Martin Sonnenberg 0 0 0 0 2 1 0 0 1 0 0/0 9:17 0:00 0:00
Mats Sundin 0 1 1 1 0 3 1 1 0 0 9/14 17:41 0:59 4:17
Mattias Timander 0 0 0 1 0 1 0 0 0 0 0/0 16:42 0:17 2:27
Michal Rozsival 0 0 0 -1 2 2 1 0 0 0 0/0 24:11 1:19 5:06
Niclas Bergfors 0 0 0 0 0 6 0 0 1 1 0/0 9:05 0:37 0:00
Niclas Havelid 0 0 0 2 0 1 0 0 0 0 0/0 16:24 0:17 0:20
Niklas Sundstrom 0 1 1 0 0 3 2 1 0 0 0/0 9:53 0:00 0:00
Ole-Kristian Tollefsen 0 0 0 2 0 0 1 2 0 1 0/0 22:57 0:00 7:58
Players Stats for Coyotes
Player Name G A P +/- PIM S H SB GA TA FO MP PP MP PK MP
------------------------------------------------------------------------------------
Brenden Morrow 0 0 0 -1 0 2 1 0 0 1 1/3 23:30 7:56 1:14
Chad Larose 0 1 1 0 0 0 3 0 0 0 2/7 10:42 0:21 0:22
Christian Ehrhoff 0 0 0 -2 0 2 0 1 1 0 0/0 28:58 8:46 0:40
Craig Adams 0 0 0 0 0 1 0 0 0 0 0/0 10:19 0:00 0:22
Denis Grebeshkov 0 0 0 1 0 0 1 0 1 1 0/0 20:28 6:00 0:56
Drew Miller 1 0 1 0 0 3 2 0 0 0 0/0 10:43 0:38 0:00
Frans Nielsen 0 0 0 -1 0 2 1 0 0 0 16/38 22:15 7:59 0:00
Gilbert Brule 0 0 0 -2 0 1 2 3 1 0 1/1 10:15 0:00 0:00
Jamal Mayers 1 0 1 1 0 4 0 0 1 0 0/1 15:33 6:29 0:00
Jay Bouwmeester 0 0 0 -2 0 1 1 0 0 0 0/0 28:58 8:46 0:40
Jiri Fischer 0 0 0 -1 0 0 0 2 0 1 0/0 10:34 0:00 0:00
Kurt Sauer 0 0 0 1 0 2 1 0 0 1 0/0 20:28 6:00 0:56
Lukas Krajicek 0 1 1 -1 0 0 1 1 0 0 0/0 10:34 0:00 0:00
Marian Gaborik 0 0 0 -1 0 7 1 0 1 0 1/2 23:31 7:57 1:14
Maxim Lapierre 0 1 1 1 4 0 2 0 0 1 4/9 15:31 6:29 0:00
Pavel Brendl 0 0 0 -2 0 2 1 0 0 0 0/0 10:15 0:00 0:00
Riley Cote 0 0 0 -2 0 1 0 1 0 0 0/0 10:15 0:00 0:00
Sergei Samsonov 0 0 0 1 0 3 0 0 1 0 0/0 15:33 6:29 0:00
3 Stars
1 - Brendan Morrison (Buf)
2 - Markus Naslund (Buf)
3 - Daniel Alfredsson (Buf)
Power Play
Sabres - 2 on 2 Attempt(s) - 100,00%
Coyotes - 0 on 8 Attempt(s) - 0,00%
Penalty Kill
Sabres - 8 on 8 Attempt(s) - 100,00%
- Score 1 goal in Penalty Kill
Coyotes - 0 on 2 Attempt(s) - 0,00%
- Score 0 goal in Penalty Kill
Official
Referees : Walsh Ian and Pochmara Brian
Linesman : Derek Amell and Brad Lazarowich
Game Notes
Peter Budaj enters game at 17:59 of 2nd period
Finance
Level 1 -- Attendance: 4736 (78,93%) -- Ticket Income 473 600 $
Level 2 -- Attendance: 4024 (80,48%) -- Ticket Income 241 440 $
Level 3 -- Attendance: 1334 (66,70%) -- Ticket Income 46 690 $
Level 4 -- Attendance: 3653 (91,33%) -- Ticket Income 73 060 $
Luxury Box -- Attendance: 777 (77,70%) -- Ticket Income 155 400 $
Game was played at the The Pack Center
Total Attendance: 14524 (80,69%)
Total Ticket Income: 990 190 $
Total Income: 990 190 $
Sabres
5 vs 5 Forward
Center Left Wing Right Wing Time % Phy DF OF
1 Mats Sundin Markus Naslund Daniel Cleary 32 2 1 2
2 Brendan Morrison Andreas Johansson Daniel Alfredsson 30 2 1 2
3 Boyd Devereaux Ladislav Nagy Niklas Sundstrom 24 0 3 2
4 Jochen Hecht Martin Sonnenberg Niclas Bergfors 14 0 3 2
5 vs 5 Defense
Defense Defense Time % Phy DF OF
1 Ole-Kristian Tollefsen Michal Rozsival 38 1 3 1
2 Dave Tanabe Christian Laflamme 32 1 3 1
3 Niclas Havelid Mattias Timander 30 1 3 1
4 Niclas Havelid Mattias Timander 0 1 3 1
PowerPlay Forward
Center Left Wing Right Wing Time % Phy DF OF
1 Mats Sundin Markus Naslund Daniel Alfredsson 60 2 0 3
2 Brendan Morrison Andreas Johansson Niclas Bergfors 40 1 0 4
PowerPlay Defense
Defense Defense Time % Phy DF OF
1 Dave Tanabe Michal Rozsival 60 0 2 3
2 Niclas Havelid Mattias Timander 40 0 2 3
Penalty Kill 4 Players Forward
Center Wing Time % Phy DF OF
1 Brendan Morrison Daniel Alfredsson 60 1 3 1
2 Mats Sundin Markus Naslund 40 1 3 1
Penalty Kill 4 Players Defense
Defense Defense Time % Phy DF OF
1 Ole-Kristian Tollefsen Christian Laflamme 60 1 2 2
2 Dave Tanabe Michal Rozsival 40 1 2 2
Penalty Kill - 3 Players Forward
Forward Time % Phy DF OF
1 Brendan Morrison 60 1 4 0
2 Mats Sundin 40 1 4 0
Penalty Kill - 3 Players Defense
Defense Defense Time % Phy DF OF
1 Ole-Kristian Tollefsen Christian Laflamme 60 1 2 2
2 Dave Tanabe Michal Rozsival 40 1 2 2
4 vs 4 Forward
Center Wing Time % Phy DF OF
1 Brendan Morrison Daniel Alfredsson 60 1 2 2
2 Mats Sundin Markus Naslund 40 1 2 2
4 vs 4 Defense
Defense Defense Time % Phy DF OF
1 Mattias Timander Niclas Havelid 60 1 3 1
2 Dave Tanabe Michal Rozsival 40 1 3 1
Last Minutes Offensive
Center Left Wing Right Wing Defense Defense
Mats Sundin Markus Naslund Daniel Alfredsson Brendan Morrison Michal Rozsival
Last Minutes Defensive
Center Left Wing Right Wing Defense Defense
Boyd Devereaux Markus Naslund Daniel Alfredsson Ole-Kristian Tollefsen Christian Laflamme
Goaltenders
Starting : Niklas Backstrom
Backup : Dan Cloutier
Extra Forwards
Normal : Niclas Bergfors, Niklas Sundstrom, Jochen Hecht - PP : Martin Sonnenberg, Ladislav Nagy - PK : Boyd Devereaux
Extra Defensemen
Normal : Christian Laflamme, Ole-Kristian Tollefsen, Michal Rozsival - PP : Ole-Kristian Tollefsen - PK : Mattias Timander, Niclas Havelid
Penalty Shots
Daniel Alfredsson, Markus Naslund, Mats Sundin, Brendan Morrison, Ladislav Nagy
Coyotes
5 vs 5 Forward
Center Left Wing Right Wing Time % Phy DF OF
1 Frans Nielsen Brenden Morrow Marian Gaborik 40 1 2 2
2 Maxim Lapierre Sergei Samsonov Jamal Mayers 30 1 2 2
3 Chad Larose Drew Miller Craig Adams 20 1 2 2
4 Gilbert Brule Riley Cote Pavel Brendl 10 1 2 2
5 vs 5 Defense
Defense Defense Time % Phy DF OF
1 Jay Bouwmeester Christian Ehrhoff 40 1 2 2
2 Kurt Sauer Denis Grebeshkov 30 1 2 2
3 Jiri Fischer Lukas Krajicek 20 1 2 2
4 Jay Bouwmeester Christian Ehrhoff 10 1 2 2
PowerPlay Forward
Center Left Wing Right Wing Time % Phy DF OF
1 Frans Nielsen Brenden Morrow Marian Gaborik 60 1 2 2
2 Maxim Lapierre Sergei Samsonov Jamal Mayers 40 1 2 2
PowerPlay Defense
Defense Defense Time % Phy DF OF
1 Jay Bouwmeester Christian Ehrhoff 60 1 2 2
2 Kurt Sauer Denis Grebeshkov 40 1 2 2
Penalty Kill 4 Players Forward
Center Wing Time % Phy DF OF
1 Marian Gaborik Brenden Morrow 60 1 2 2
2 Chad Larose Craig Adams 40 1 2 2
Penalty Kill 4 Players Defense
Defense Defense Time % Phy DF OF
1 Jay Bouwmeester Christian Ehrhoff 60 1 2 2
2 Kurt Sauer Denis Grebeshkov 40 1 2 2
Penalty Kill - 3 Players Forward
Forward Time % Phy DF OF
1 Marian Gaborik 60 1 2 2
2 Brenden Morrow 40 1 2 2
Penalty Kill - 3 Players Defense
Defense Defense Time % Phy DF OF
1 Jay Bouwmeester Christian Ehrhoff 60 1 2 2
2 Kurt Sauer Denis Grebeshkov 40 1 2 2
4 vs 4 Forward
Center Wing Time % Phy DF OF
1 Marian Gaborik Brenden Morrow 60 1 2 2
2 Frans Nielsen Sergei Samsonov 40 1 2 2
4 vs 4 Defense
Defense Defense Time % Phy DF OF
1 Jay Bouwmeester Christian Ehrhoff 60 1 2 2
2 Kurt Sauer Denis Grebeshkov 40 1 2 2
Last Minutes Offensive
Center Left Wing Right Wing Defense Defense
Frans Nielsen Brenden Morrow Marian Gaborik Jay Bouwmeester Christian Ehrhoff
Last Minutes Defensive
Center Left Wing Right Wing Defense Defense
Frans Nielsen Brenden Morrow Marian Gaborik Jay Bouwmeester Christian Ehrhoff
Goaltenders
Starting : Jean-Sébastien Giguère
Backup : Peter Budaj
Extra Forwards
Normal : Drew Miller, Chad Larose, Craig Adams - PP : Drew Miller, Chad Larose - PK : Craig Adams
Extra Defensemen
Normal : Jiri Fischer, Lukas Krajicek, Kurt Sauer - PP : Jiri Fischer - PK : Lukas Krajicek, Kurt Sauer
Penalty Shots
Marian Gaborik, Brenden Morrow, Jamal Mayers, Frans Nielsen, Sergei Samsonov
% Time on Ice - Sabres
Lines # - Real PCT - Wanted PCT - Time Play
Normal Forward
1 - 28% - 32% - 12:02
2 - 31% - 30% - 13:23
3 - 23% - 24% - 9:53
4 - 19% - 14% - 8:20
Normal Defense
1 - 34% - 38% - 14:41
2 - 30% - 32% - 13:08
3 - 36% - 30% - 15:49
4 - 0% - 0% - 0:00
PP Forward
1 - 61% - 60% - 0:59
2 - 39% - 40% - 0:37
PP Defense
1 - 82% - 60% - 1:19
2 - 18% - 40% - 0:17
PK Forward
1 - 70% - 60% - 9:33
2 - 30% - 40% - 4:07
PK Defense
1 - 58% - 60% - 7:54
2 - 42% - 40% - 5:46
PK3 Forward
1 - 85% - 60% - 0:56
2 - 15% - 40% - 0:10
PK3 Defense
1 - 74% - 60% - 0:49
2 - 26% - 40% - 0:17
44 Forward
1 - 0% - 60%
2 - 0% - 40%
44 Defense
1 - 0% - 60%
2 - 0% - 40%
Last Minute Offensive - 0:00
Last Minute Defensive - 0:00
Total
Forward - 60:00
Defense - 60:00
|
% Time on Ice - Coyotes
Lines # - Real PCT - Wanted PCT - Time Play
Normal Forward
1 - 33% - 40% - 14:22
2 - 21% - 30% - 9:04
3 - 23% - 20% - 9:57
4 - 23% - 10% - 10:15
Normal Defense
1 - 39% - 40% - 17:07
2 - 31% - 30% - 13:32
3 - 24% - 20% - 10:34
4 - 6% - 10% - 2:25
PP Forward
1 - 56% - 60% - 8:17
2 - 44% - 40% - 6:29
PP Defense
1 - 59% - 60% - 8:46
2 - 41% - 40% - 6:00
PK Forward
1 - 77% - 60% - 1:14
2 - 23% - 40% - 0:22
PK Defense
1 - 42% - 60% - 0:40
2 - 58% - 40% - 0:56
PK3 Forward
1 - 0% - 60%
2 - 0% - 40%
PK3 Defense
1 - 0% - 60%
2 - 0% - 40%
44 Forward
1 - 0% - 60%
2 - 0% - 40%
44 Defense
1 - 0% - 60%
2 - 0% - 40%
Last Minute Offensive - 0:00
Last Minute Defensive - 0:00
Total
Forward - 60:00
Defense - 60:00
|
Play by Play
1st period
0:01 of 1st period - Mats Sundin wins face-off versus Frans Nielsen in neutral zone.
0:10 of 1st period - Wrist shot by Markus Naslund.
0:10 of 1st period - Shot Misses the Net.
0:12 of 1st period - Slapshot by Mats Sundin.
0:12 of 1st period - Shot Misses the Net.
0:30 of 1st period - Snap shot by Sergei Samsonov.
0:30 of 1st period - Shot Blocked by Ole-Kristian Tollefsen.
0:52 of 1st period - Wrist shot by Drew Miller.
0:52 of 1st period - Shot Blocked by Christian Laflamme.
0:54 of 1st period - Slapshot by Christian Ehrhoff.
0:54 of 1st period - Stopped by Niklas Backstrom without a rebound.
0:55 of 1st period - Chad Larose wins face-off versus Jochen Hecht in Sabres zone.
1:16 of 1st period - Slapshot by Drew Miller.
1:16 of 1st period - Shot Misses the Net.
1:20 of 1st period - Slapshot by Craig Adams.
1:20 of 1st period - Shot Misses the Net.
1:22 of 1st period - Wrist shot by Drew Miller.
1:22 of 1st period - Shot Misses the Net.
2:02 of 1st period - Snap shot by Martin Sonnenberg.
2:02 of 1st period - Deflect By Niclas Bergfors.
2:02 of 1st period - Stopped by Jean-Sébastien Giguère without a rebound.
2:03 of 1st period - Frans Nielsen wins face-off versus Mats Sundin in Coyotes zone.
2:03 of 1st period - Frans Nielsen is hit by Markus Naslund.
2:09 of 1st period - Snap shot by Markus Naslund.
2:09 of 1st period - Stopped by Jean-Sébastien Giguère without a rebound.
2:10 of 1st period - Mats Sundin wins face-off versus Frans Nielsen in Coyotes zone.
2:39 of 1st period - Snap shot by Brenden Morrow.
2:39 of 1st period - Shot Misses the Net.
2:55 of 1st period - Wrist shot by Mats Sundin.
2:55 of 1st period - Stopped by Jean-Sébastien Giguère without a rebound.
2:56 of 1st period - Brendan Morrison wins face-off versus Jamal Mayers in Coyotes zone.
3:11 of 1st period - Slapshot by Jamal Mayers.
3:11 of 1st period - Shot Blocked by Ole-Kristian Tollefsen.
3:21 of 1st period - Andreas Johansson is hit by Pavel Brendl and loses puck.
4:10 of 1st period - Slapshot by Andreas Johansson.
4:10 of 1st period - Stopped by Jean-Sébastien Giguère without a rebound.
4:11 of 1st period - Boyd Devereaux wins face-off versus Maxim Lapierre in Coyotes zone.
4:16 of 1st period - Snap shot by Ladislav Nagy.
4:16 of 1st period - Stopped by Jean-Sébastien Giguère with a rebound.
4:36 of 1st period - Lukas Krajicek is hit by Markus Naslund and loses puck.
5:05 of 1st period - Snap shot by Riley Cote.
5:05 of 1st period - Stopped by Niklas Backstrom without a rebound.
5:06 of 1st period - Boyd Devereaux wins face-off versus Maxim Lapierre in Sabres zone.
5:06 of 1st period - Boyd Devereaux is hit by Maxim Lapierre.
5:59 of 1st period - Snap shot by Pavel Brendl.
5:59 of 1st period - Stopped by Niklas Backstrom with a rebound.
6:19 of 1st period - Snap shot by Sergei Samsonov.
6:19 of 1st period - Stopped by Niklas Backstrom with a rebound.
6:25 of 1st period - Wrist shot by Maxim Lapierre.
6:25 of 1st period - Shot Misses the Net.
6:35 of 1st period - Wrist shot by Niclas Bergfors.
6:35 of 1st period - Shot Misses the Net.
7:23 of 1st period - Wrist shot by Brendan Morrison.
7:23 of 1st period - Goal by Brendan Morrison - Sabres : 1 - Coyotes : 0.
7:24 of 1st period - Frans Nielsen wins face-off versus Boyd Devereaux in neutral zone.
7:55 of 1st period - Maxim Lapierre is hit by Daniel Cleary and loses puck.
8:00 of 1st period - Slapshot by Markus Naslund.
8:00 of 1st period - Stopped by Jean-Sébastien Giguère with a rebound.
9:17 of 1st period - Wrist shot by Sergei Samsonov.
9:17 of 1st period - Stopped by Niklas Backstrom with a rebound.
10:13 of 1st period - Wrist shot by Brenden Morrow.
10:13 of 1st period - Stopped by Niklas Backstrom with a rebound.
10:19 of 1st period - Jay Bouwmeester is hit by Mats Sundin and loses puck.
10:33 of 1st period - Minor Penalty to Martin Sonnenberg for Hooking.
10:34 of 1st period - Frans Nielsen wins face-off versus Brendan Morrison in Sabres zone.
12:08 of 1st period - Icing by Sergei Samsonov.
12:09 of 1st period - Brendan Morrison wins face-off versus Maxim Lapierre in Coyotes zone.
12:33 of 1st period - Penalty to Martin Sonnenberg is over, Martin Sonnenberg is back on ice.
13:19 of 1st period - Snap shot by Pavel Brendl.
13:19 of 1st period - Shot Blocked by Brendan Morrison.
13:45 of 1st period - Wrist shot by Daniel Alfredsson.
13:45 of 1st period - Stopped by Jean-Sébastien Giguère without a rebound.
13:46 of 1st period - Frans Nielsen wins face-off versus Ladislav Nagy in Coyotes zone.
14:57 of 1st period - Slapshot by Drew Miller.
14:57 of 1st period - Shot Misses the Net.
17:48 of 1st period - Icing by Maxim Lapierre.
17:49 of 1st period - Maxim Lapierre wins face-off versus Markus Naslund in Coyotes zone.
17:56 of 1st period - Wrist shot by Mats Sundin.
17:56 of 1st period - Stopped by Jean-Sébastien Giguère with a rebound.
18:46 of 1st period - Michal Rozsival is hit by Lukas Krajicek and loses puck.
18:57 of 1st period - Wrist shot by Brenden Morrow.
18:57 of 1st period - Stopped by Niklas Backstrom without a rebound.
18:58 of 1st period - Frans Nielsen wins face-off versus Brendan Morrison in Sabres zone.
18:59 of 1st period - Snap shot by Marian Gaborik.
18:59 of 1st period - Deflect By Frans Nielsen.
18:59 of 1st period - Shot Hit the Post.
18:59 of 1st period - Puck is out of play.
19:00 of 1st period - Andreas Johansson wins face-off versus Frans Nielsen in Sabres zone.
19:41 of 1st period - Icing by Niklas Sundstrom.
19:42 of 1st period - Boyd Devereaux wins face-off versus Chad Larose in Sabres zone.
19:47 of 1st period - Andreas Johansson is hit by Chad Larose.
19:51 of 1st period - Snap shot by Craig Adams.
19:51 of 1st period - Stopped by Niklas Backstrom with a rebound.
19:53 of 1st period - Snap shot by Craig Adams.
19:53 of 1st period - Shot Misses the Net.
19:55 of 1st period - Snap shot by Drew Miller.
19:55 of 1st period - Shot Blocked by Brendan Morrison.
19:57 of 1st period - Wrist shot by Jay Bouwmeester.
19:57 of 1st period - Stopped by Niklas Backstrom without a rebound.
19:58 of 1st period - Mats Sundin wins face-off versus Brenden Morrow in Sabres zone.
2nd period
0:01 of 2nd period - Brendan Morrison wins face-off versus Frans Nielsen in neutral zone.
0:16 of 2nd period - Wrist shot by Daniel Alfredsson.
0:16 of 2nd period - Shot Misses the Net.
0:52 of 2nd period - Slapshot by Drew Miller.
0:52 of 2nd period - Shot Misses the Net.
0:54 of 2nd period - Snap shot by Kurt Sauer.
0:54 of 2nd period - Stopped by Niklas Backstrom with a rebound.
1:27 of 2nd period - Icing by Denis Grebeshkov.
1:28 of 2nd period - Brendan Morrison wins face-off versus Frans Nielsen in Coyotes zone.
1:31 of 2nd period - Slapshot by Brendan Morrison.
1:31 of 2nd period - Stopped by Jean-Sébastien Giguère without a rebound.
1:32 of 2nd period - Brendan Morrison wins face-off versus Frans Nielsen in Coyotes zone.
2:26 of 2nd period - Snap shot by Drew Miller.
2:26 of 2nd period - Stopped by Niklas Backstrom with a rebound.
3:22 of 2nd period - Minor Penalty to Maxim Lapierre for Tripping.
3:23 of 2nd period - Marian Gaborik wins face-off versus Mats Sundin in Coyotes zone.
3:36 of 2nd period - Slapshot by Mats Sundin.
3:36 of 2nd period - Shot Misses the Net.
3:38 of 2nd period - Slapshot by Dave Tanabe.
3:38 of 2nd period - Shot Misses the Net.
4:07 of 2nd period - Off-side.
4:08 of 2nd period - Mats Sundin wins face-off versus Chad Larose in neutral zone.
4:13 of 2nd period - Slapshot by Daniel Alfredsson.
4:13 of 2nd period - Stopped by Jean-Sébastien Giguère without a rebound.
4:14 of 2nd period - Mats Sundin wins face-off versus Marian Gaborik in Coyotes zone.
4:49 of 2nd period - Slapshot by Andreas Johansson.
4:49 of 2nd period - Goal by Andreas Johansson - Sabres : 2 - Coyotes : 0.
4:50 of 2nd period - Frans Nielsen wins face-off versus Brendan Morrison in neutral zone.
4:53 of 2nd period - Snap shot by Frans Nielsen.
4:53 of 2nd period - Stopped by Niklas Backstrom with a rebound.
5:34 of 2nd period - Icing by Maxim Lapierre.
5:35 of 2nd period - Boyd Devereaux wins face-off versus Chad Larose in Coyotes zone.
5:40 of 2nd period - Snap shot by Niklas Sundstrom.
5:40 of 2nd period - Shot Misses the Net.
5:57 of 2nd period - Icing by Christian Ehrhoff.
5:58 of 2nd period - Brendan Morrison wins face-off versus Chad Larose in Coyotes zone.
6:09 of 2nd period - Chad Larose is hit by Brendan Morrison and loses puck.
6:16 of 2nd period - Christian Ehrhoff is hit by Michal Rozsival and loses puck.
6:29 of 2nd period - Markus Naslund is hit by Frans Nielsen and loses puck.
6:38 of 2nd period - Wrist shot by Marian Gaborik.
6:38 of 2nd period - Stopped by Niklas Backstrom without a rebound.
6:39 of 2nd period - Boyd Devereaux wins face-off versus Frans Nielsen in Sabres zone.
6:39 of 2nd period - Boyd Devereaux is hit by Marian Gaborik.
6:44 of 2nd period - Off-side.
6:45 of 2nd period - Boyd Devereaux wins face-off versus Frans Nielsen in neutral zone.
7:20 of 2nd period - Snap shot by Daniel Alfredsson.
7:20 of 2nd period - Stopped by Jean-Sébastien Giguère with a rebound.
7:23 of 2nd period - Minor Penalty to Andreas Johansson for Hooking.
7:24 of 2nd period - Frans Nielsen wins face-off versus Brendan Morrison in Sabres zone.
9:23 of 2nd period - Penalty to Andreas Johansson is over, Andreas Johansson is back on ice.
9:29 of 2nd period - Snap shot by Boyd Devereaux.
9:29 of 2nd period - Stopped by Jean-Sébastien Giguère without a rebound.
9:30 of 2nd period - Chad Larose wins face-off versus Mats Sundin in Coyotes zone.
9:30 of 2nd period - Minor Penalty to Daniel Cleary for Holding.
9:31 of 2nd period - Brendan Morrison wins face-off versus Frans Nielsen in Sabres zone.
10:07 of 2nd period - Wrist shot by Sergei Samsonov.
10:07 of 2nd period - Deflect By Jamal Mayers.
10:07 of 2nd period - Shot Blocked by Mats Sundin.
10:07 of 2nd period - Puck is out of play.
10:08 of 2nd period - Mats Sundin wins face-off versus Frans Nielsen in Sabres zone.
11:30 of 2nd period - Penalty to Daniel Cleary is over, Daniel Cleary is back on ice.
12:12 of 2nd period - Gilbert Brule is hit by Daniel Cleary and loses puck.
12:18 of 2nd period - Minor Penalty to Maxim Lapierre for Roughing.
12:19 of 2nd period - Mats Sundin wins face-off versus Brenden Morrow in Coyotes zone.
12:23 of 2nd period - Snap shot by Dave Tanabe.
12:23 of 2nd period - Shot Misses the Net.
12:25 of 2nd period - Slapshot by Markus Naslund.
12:25 of 2nd period - Shot Misses the Net.
12:27 of 2nd period - Snap shot by Dave Tanabe.
12:27 of 2nd period - Deflect By Daniel Alfredsson.
12:27 of 2nd period - Deflect By Christian Ehrhoff.
12:27 of 2nd period - Goal by Daniel Alfredsson - Sabres : 3 - Coyotes : 0.
12:28 of 2nd period - Brenden Morrow wins face-off versus Brendan Morrison in neutral zone.
12:33 of 2nd period - Snap shot by Brenden Morrow.
12:33 of 2nd period - Shot Hit the Post.
12:53 of 2nd period - Daniel Cleary is hit by Chad Larose and loses puck.
13:18 of 2nd period - Sergei Samsonov is hit by Niklas Sundstrom and loses puck.
13:27 of 2nd period - Snap shot by Jamal Mayers.
13:27 of 2nd period - Stopped by Niklas Backstrom without a rebound.
13:28 of 2nd period - Frans Nielsen wins face-off versus Brendan Morrison in Sabres zone.
13:40 of 2nd period - Icing by Daniel Alfredsson.
13:41 of 2nd period - Brendan Morrison wins face-off versus Frans Nielsen in Sabres zone.
14:58 of 2nd period - Snap shot by Ladislav Nagy.
14:58 of 2nd period - Shot Misses the Net.
15:28 of 2nd period - Minor Penalty to Daniel Cleary for Slashing.
15:29 of 2nd period - Brendan Morrison wins face-off versus Frans Nielsen in Sabres zone.
16:55 of 2nd period - Boyd Devereaux is hit by Brenden Morrow and loses puck.
17:28 of 2nd period - Penalty to Daniel Cleary is over, Daniel Cleary is back on ice.
17:44 of 2nd period - Slapshot by Kurt Sauer.
17:44 of 2nd period - Stopped by Niklas Backstrom without a rebound.
17:45 of 2nd period - Boyd Devereaux wins face-off versus Chad Larose in Sabres zone.
17:45 of 2nd period - Boyd Devereaux is hit by Chad Larose.
17:59 of 2nd period - Snap shot by Ladislav Nagy.
17:59 of 2nd period - Goal by Ladislav Nagy - Sabres : 4 - Coyotes : 0.
17:59 of 2nd period - Peter Budaj enters game.
18:00 of 2nd period - Brendan Morrison wins face-off versus Frans Nielsen in neutral zone.
18:57 of 2nd period - Snap shot by Drew Miller.
18:57 of 2nd period - Stopped by Niklas Backstrom without a rebound.
18:58 of 2nd period - Frans Nielsen wins face-off versus Brendan Morrison in Sabres zone.
19:11 of 2nd period - Snap shot by Brenden Morrow.
19:11 of 2nd period - Shot Misses the Net.
19:13 of 2nd period - Snap shot by Frans Nielsen.
19:13 of 2nd period - Shot Misses the Net.
19:48 of 2nd period - Snap shot by Niklas Sundstrom.
19:48 of 2nd period - Stopped by Peter Budaj with a rebound.
19:50 of 2nd period - Wrist shot by Niklas Sundstrom.
19:50 of 2nd period - Stopped by Peter Budaj with a rebound.
19:52 of 2nd period - Snap shot by Ladislav Nagy.
19:52 of 2nd period - Stopped by Peter Budaj without a rebound.
19:53 of 2nd period - Brendan Morrison wins face-off versus Frans Nielsen in Coyotes zone.
3rd period
0:01 of 3rd period - Frans Nielsen wins face-off versus Mats Sundin in neutral zone.
0:12 of 3rd period - Snap shot by Frans Nielsen.
0:12 of 3rd period - Shot Misses the Net.
0:37 of 3rd period - Wrist shot by Niklas Sundstrom.
0:37 of 3rd period - Stopped by Peter Budaj with a rebound.
0:49 of 3rd period - Christian Laflamme is hit by Maxim Lapierre and loses puck.
1:08 of 3rd period - Mattias Timander is hit by Drew Miller and loses puck.
1:17 of 3rd period - Martin Sonnenberg is hit by Drew Miller and loses puck.
1:38 of 3rd period - Wrist shot by Markus Naslund.
1:38 of 3rd period - Goal by Markus Naslund - Sabres : 5 - Coyotes : 0.
1:39 of 3rd period - Brendan Morrison wins face-off versus Frans Nielsen in neutral zone.
1:49 of 3rd period - Slapshot by Christian Ehrhoff.
1:49 of 3rd period - Shot Blocked by Christian Laflamme.
1:51 of 3rd period - Slapshot by Marian Gaborik.
1:51 of 3rd period - Stopped by Niklas Backstrom without a rebound.
1:52 of 3rd period - Mats Sundin wins face-off versus Frans Nielsen in Sabres zone.
2:08 of 3rd period - Minor Penalty to Markus Naslund for Hooking.
2:09 of 3rd period - Frans Nielsen wins face-off versus Brendan Morrison in Sabres zone.
2:16 of 3rd period - Slapshot by Marian Gaborik.
2:16 of 3rd period - Stopped by Niklas Backstrom with a rebound.
2:18 of 3rd period - Slapshot by Christian Ehrhoff.
2:18 of 3rd period - Stopped by Niklas Backstrom without a rebound.
2:19 of 3rd period - Brendan Morrison wins face-off versus Frans Nielsen in Sabres zone.
2:38 of 3rd period - Wrist shot by Marian Gaborik.
2:38 of 3rd period - Stopped by Niklas Backstrom without a rebound.
2:39 of 3rd period - Maxim Lapierre wins face-off versus Brendan Morrison in Sabres zone.
2:40 of 3rd period - Snap shot by Jamal Mayers.
2:40 of 3rd period - Stopped by Niklas Backstrom with a rebound.
3:14 of 3rd period - Wrist shot by Frans Nielsen.
3:14 of 3rd period - Shot Misses the Net.
4:08 of 3rd period - Penalty to Markus Naslund is over, Markus Naslund is back on ice.
5:02 of 3rd period - Frans Nielsen is hit by Ole-Kristian Tollefsen and loses puck.
5:15 of 3rd period - Wrist shot by Niclas Bergfors.
5:15 of 3rd period - Stopped by Peter Budaj with a rebound.
5:17 of 3rd period - Slapshot by Niclas Bergfors.
5:17 of 3rd period - Shot Misses the Net.
5:19 of 3rd period - Snap shot by Niclas Bergfors.
5:19 of 3rd period - Stopped by Peter Budaj with a rebound.
5:33 of 3rd period - Slapshot by Michal Rozsival.
5:33 of 3rd period - Shot Blocked by Jiri Fischer.
5:35 of 3rd period - Slapshot by Mats Sundin.
5:35 of 3rd period - Shot Misses the Net.
5:37 of 3rd period - Backhand shot by Ole-Kristian Tollefsen.
5:37 of 3rd period - Shot Misses the Net.
6:07 of 3rd period - Backhand shot by Martin Sonnenberg.
6:07 of 3rd period - Stopped by Peter Budaj with a rebound.
6:09 of 3rd period - Snap shot by Niclas Bergfors.
6:09 of 3rd period - Stopped by Peter Budaj with a rebound.
6:11 of 3rd period - Slapshot by Dave Tanabe.
6:11 of 3rd period - Shot Misses the Net.
6:13 of 3rd period - Slapshot by Christian Laflamme.
6:13 of 3rd period - Stopped by Peter Budaj with a rebound.
6:27 of 3rd period - Wrist shot by Marian Gaborik.
6:27 of 3rd period - Shot Misses the Net.
6:37 of 3rd period - Icing by Jiri Fischer.
6:38 of 3rd period - Frans Nielsen wins face-off versus Markus Naslund in Coyotes zone.
7:03 of 3rd period - Marian Gaborik is hit by Niklas Sundstrom and loses puck.
7:14 of 3rd period - Slapshot by Frans Nielsen.
7:14 of 3rd period - Shot Blocked by Christian Laflamme.
7:15 of 3rd period - Minor Penalty to Dave Tanabe for Cross-checking.
7:16 of 3rd period - Brendan Morrison wins face-off versus Maxim Lapierre in Sabres zone.
7:41 of 3rd period - Brendan Morrison is hit by Jay Bouwmeester and loses puck.
9:15 of 3rd period - Penalty to Dave Tanabe is over, Dave Tanabe is back on ice.
9:16 of 3rd period - Michal Rozsival is hit by Denis Grebeshkov and loses puck.
9:31 of 3rd period - Niclas Bergfors is hit by Gilbert Brule and loses puck.
9:50 of 3rd period - Snap shot by Drew Miller.
9:50 of 3rd period - Goal by Drew Miller - Sabres : 5 - Coyotes : 1.
9:51 of 3rd period - Brendan Morrison wins face-off versus Frans Nielsen in neutral zone.
9:56 of 3rd period - Wrist shot by Marian Gaborik.
9:56 of 3rd period - Stopped by Niklas Backstrom with a rebound.
10:00 of 3rd period - Snap shot by Marian Gaborik.
10:00 of 3rd period - Stopped by Niklas Backstrom with a rebound.
10:19 of 3rd period - Minor Penalty to Daniel Alfredsson for Holding.
10:20 of 3rd period - Brendan Morrison wins face-off versus Frans Nielsen in Sabres zone.
10:31 of 3rd period - Backhand shot by Boyd Devereaux.
10:31 of 3rd period - Shot Misses the Net.
10:33 of 3rd period - Backhand shot by Christian Laflamme.
10:33 of 3rd period - Deflect By Christian Ehrhoff.
10:33 of 3rd period - Goal by Christian Laflamme - Sabres : 6 - Coyotes : 1.
10:34 of 3rd period - Frans Nielsen wins face-off versus Brendan Morrison in neutral zone.
11:12 of 3rd period - Minor Penalty to Michal Rozsival for Goalie Interference.
11:13 of 3rd period - Frans Nielsen wins face-off versus Brendan Morrison in Sabres zone.
11:14 of 3rd period - Backhand shot by Brenden Morrow.
11:14 of 3rd period - Shot Hit the Post.
12:19 of 3rd period - Penalty to Daniel Alfredsson is over, Daniel Alfredsson is back on ice.
12:31 of 3rd period - Wrist shot by Mats Sundin.
12:31 of 3rd period - Stopped by Peter Budaj with a rebound.
12:43 of 3rd period - Christian Ehrhoff is hit by Daniel Alfredsson and loses puck.
13:10 of 3rd period - Snap shot by Frans Nielsen.
13:10 of 3rd period - Shot Misses the Net.
13:12 of 3rd period - Penalty to Michal Rozsival is over, Michal Rozsival is back on ice.
13:31 of 3rd period - Niclas Havelid is hit by Kurt Sauer.
13:35 of 3rd period - Pavel Brendl is hit by Dave Tanabe and loses puck.
14:00 of 3rd period - Niclas Havelid is hit by Gilbert Brule and loses puck.
14:22 of 3rd period - Wrist shot by Pavel Brendl.
14:22 of 3rd period - Stopped by Niklas Backstrom with a rebound.
14:30 of 3rd period - Snap shot by Michal Rozsival.
14:30 of 3rd period - Shot Misses the Net.
14:32 of 3rd period - Snap shot by Dave Tanabe.
14:32 of 3rd period - Stopped by Peter Budaj with a rebound.
14:34 of 3rd period - Snap shot by Markus Naslund.
14:34 of 3rd period - Shot Blocked by Lukas Krajicek.
14:36 of 3rd period - Wrist shot by Mats Sundin.
14:36 of 3rd period - Deflect By Michal Rozsival.
14:36 of 3rd period - Stopped by Peter Budaj with a rebound.
14:38 of 3rd period - Wrist shot by Mats Sundin.
14:38 of 3rd period - Shot Misses the Net.
14:40 of 3rd period - Slapshot by Niclas Havelid.
14:40 of 3rd period - Shot Blocked by Gilbert Brule.
14:42 of 3rd period - Slapshot by Dave Tanabe.
14:42 of 3rd period - Shot Blocked by Riley Cote.
14:50 of 3rd period - Snap shot by Michal Rozsival.
14:50 of 3rd period - Stopped by Peter Budaj with a rebound.
14:52 of 3rd period - Backhand shot by Michal Rozsival.
14:52 of 3rd period - Shot Misses the Net.
14:54 of 3rd period - Slapshot by Niclas Havelid.
14:54 of 3rd period - Deflect By Gilbert Brule.
14:54 of 3rd period - Stopped by Peter Budaj with a rebound.
14:56 of 3rd period - Slapshot by Mats Sundin.
14:56 of 3rd period - Shot Blocked by Jiri Fischer.
14:58 of 3rd period - Snap shot by Dave Tanabe.
14:58 of 3rd period - Stopped by Peter Budaj with a rebound.
15:04 of 3rd period - Snap shot by Markus Naslund.
15:04 of 3rd period - Deflect By Riley Cote.
15:04 of 3rd period - Shot Hit the Post.
15:04 of 3rd period - Puck is out of play.
15:05 of 3rd period - Brendan Morrison wins face-off versus Frans Nielsen in Coyotes zone.
15:14 of 3rd period - Snap shot by Daniel Alfredsson.
15:14 of 3rd period - Shot Blocked by Christian Ehrhoff.
15:16 of 3rd period - Snap shot by Andreas Johansson.
15:16 of 3rd period - Shot Misses the Net.
15:18 of 3rd period - Slapshot by Mattias Timander.
15:18 of 3rd period - Stopped by Peter Budaj with a rebound.
15:20 of 3rd period - Slapshot by Christian Laflamme.
15:20 of 3rd period - Shot Misses the Net.
15:36 of 3rd period - Wrist shot by Sergei Samsonov.
15:36 of 3rd period - Stopped by Niklas Backstrom with a rebound.
15:38 of 3rd period - Slapshot by Christian Ehrhoff.
15:38 of 3rd period - Shot Blocked by Niklas Sundstrom.
15:40 of 3rd period - Slapshot by Maxim Lapierre.
15:40 of 3rd period - Deflect By Jamal Mayers.
15:40 of 3rd period - Shot Misses the Net.
15:40 of 3rd period - Puck is out of play.
15:41 of 3rd period - Maxim Lapierre wins face-off versus Brendan Morrison in Sabres zone.
15:42 of 3rd period - Wrist shot by Jamal Mayers.
15:42 of 3rd period - Goal by Jamal Mayers - Sabres : 6 - Coyotes : 2.
15:43 of 3rd period - Frans Nielsen wins face-off versus Brendan Morrison in neutral zone.
15:48 of 3rd period - Snap shot by Marian Gaborik.
15:48 of 3rd period - Shot Blocked by Daniel Alfredsson.
15:50 of 3rd period - Slapshot by Christian Ehrhoff.
15:50 of 3rd period - Deflect By Marian Gaborik.
15:50 of 3rd period - Stopped by Niklas Backstrom without a rebound.
15:51 of 3rd period - Brendan Morrison wins face-off versus Frans Nielsen in Sabres zone.
16:15 of 3rd period - Snap shot by Brendan Morrison.
16:15 of 3rd period - Stopped by Peter Budaj with a rebound.
16:36 of 3rd period - Wrist shot by Frans Nielsen.
16:36 of 3rd period - Stopped by Niklas Backstrom without a rebound.
16:37 of 3rd period - Maxim Lapierre wins face-off versus Boyd Devereaux in Sabres zone.
17:02 of 3rd period - Drew Miller is hit by Markus Naslund and loses puck.
17:21 of 3rd period - Slapshot by Niclas Bergfors.
17:21 of 3rd period - Shot Blocked by Gilbert Brule.
17:23 of 3rd period - Wrist shot by Martin Sonnenberg.
17:23 of 3rd period - Deflect By Niclas Bergfors.
17:23 of 3rd period - Shot Blocked by Gilbert Brule.
17:23 of 3rd period - Puck is out of play.
17:24 of 3rd period - Gilbert Brule wins face-off versus Jochen Hecht in Coyotes zone.
17:50 of 3rd period - Snap shot by Niclas Bergfors.
17:50 of 3rd period - Stopped by Peter Budaj with a rebound.
17:58 of 3rd period - Wrist shot by Niclas Bergfors.
17:58 of 3rd period - Deflect By Gilbert Brule.
17:58 of 3rd period - Stopped by Peter Budaj with a rebound.
18:32 of 3rd period - Snap shot by Gilbert Brule.
18:32 of 3rd period - Shot Misses the Net.
19:04 of 3rd period - Snap shot by Gilbert Brule.
19:04 of 3rd period - Stopped by Niklas Backstrom without a rebound.
19:05 of 3rd period - Frans Nielsen wins face-off versus Mats Sundin in Sabres zone.
19:30 of 3rd period - Wrist shot by Jamal Mayers.
19:30 of 3rd period - Stopped by Niklas Backstrom without a rebound.
19:31 of 3rd period - Boyd Devereaux wins face-off versus Maxim Lapierre in Sabres zone.
19:37 of 3rd period - Off-side.
19:38 of 3rd period - Mats Sundin wins face-off versus Frans Nielsen in neutral zone.
Output by the SimonT Hockey Simulator (STHS) for François Prévost -- Original Page W3C XHTML 1.0 Valid